 Dungeon Crawl Stone Soup version 0.25-a0-404-gc1b5a34292 (webtiles) character file.

Game seed: 3890548492316890441, levelgen mode: deterministic

9011 Napalmbreeze the Thaumaturge (level 11, -16/83 HPs)
             Began as a Gnoll Wanderer on Jan 12, 2020.
             Was a High Priest of Okawaru.
             Demolished by an orc warrior
             ... wielding a +2 glaive of chopping
              (17 damage)
             ... while paralysed by a centaur
             ... on level 10 of the Dungeon.
             The game lasted 00:33:11 (14038 turns).

Napalmbreeze the Thaumaturge (Gnoll Wanderer)      Turns: 14038, Time: 00:33:12

Health: -16/83     AC:  8    Str: 18    XL:     11   Next: 39%
Magic:  8/23       EV:  2    Int: 17    God:    Okawaru [*****.]
Gold:   465        SH:  0    Dex: 23    Spells: 19/26 levels left

rFire    + . .     SeeInvis +   b - +0 hand crossbow
rCold    x . .     Gourm    .   (no shield)
rNeg     . . .     Faith    .   F - +0 leather armour
rPois    .         Spirit   .   (no helmet)
rElec    +         Reflect  .   J - +0 cloak
rCorr    .         Harm     .   m - +0 pair of gloves
MR       .....                  L - +0 pair of boots
Stlth    ++++......             (no amulet)
HPRegen  0.23/turn              D - ring of fire
MPRegen  0.18/turn              P - ring of Jytirui {rElec Str+3 Dex+8 SInv}

@: paralysed
A: distributed training, fangs 1, strong nose
a: Heroism, Finesse, Renounce Religion


You were on level 10 of the Dungeon.
You worshipped Okawaru.
Okawaru was extremely pleased with you.
You were not hungry.

You visited 2 branches of the dungeon, and saw 11 of its levels.

You collected 633 gold pieces.
You spent 168 gold pieces at shops.

Inventory:

Hand Weapons
 a - a +1 falchion of electrocution
 b - a +0 hand crossbow (weapon)
 M - the +2 halberd of Purpose {holy, Str+3}
   (You found it on level 9 of the Dungeon)

   It has been blessed by the Shining One to cause great damage to the undead
   and demons.
   It affects your strength (+3).
 N - a +4 scimitar of flaming
Missiles
 d - 42 bolts (quivered)
 h - 10 javelins
 j - 50 poisoned darts
 q - 209 arrows
 y - 4 throwing nets
Armour
 m - a +0 pair of gloves (worn)
 F - a +0 leather armour (worn)
 J - a +0 cloak (worn)
 L - a +0 pair of boots (worn)
Jewellery
 s - an uncursed ring of see invisible
 t - an uncursed ring of stealth
 x - an uncursed ring of positive energy
 D - a ring of fire (left hand)
 P - the ring of Jytirui (right hand) {rElec Str+3 Dex+8 SInv}
   (You found it on level 10 of the Dungeon)

   [ring of strength]

   It affects your strength (+3).
   It affects your dexterity (+8).
   It insulates you from electricity.
   It lets you see invisible.
Wands
 v - a wand of disintegration (14)
 B - a wand of iceblast (3)
Scrolls
 i - 2 scrolls of remove curse
 p - 5 scrolls of amnesia
 r - 2 scrolls of immolation
 u - a scroll of fear
 w - 2 scrolls of enchant armour
 z - a scroll of noise {unknown}
 C - 6 scrolls of teleportation
 G - a scroll of magic mapping
 I - 5 scrolls of identify
 K - a scroll of enchant weapon {unknown}
Potions
 c - 2 potions of haste
 e - 5 potions of curing
 f - a potion of resistance {unknown}
 k - 3 potions of brilliance
 l - 4 potions of lignification
 n - a potion of cancellation {unknown}
 o - 5 potions of heal wounds
 A - a potion of flight {unknown}
 E - 2 potions of might {unknown}
 H - 2 potions of mutation {unknown}
Comestibles
 g - 14 rations
 O - 3 chunks of flesh


   Skills:
 + Level 6.7 Fighting
 + Level 6.1 Short Blades
 + Level 6.1 Long Blades
 + Level 6.1 Axes
 + Level 6.1 Maces & Flails
 + Level 6.1 Polearms
 + Level 6.1 Staves
 + Level 6.1 Slings
 + Level 6.1 Bows
 + Level 7.7 Crossbows
 + Level 6.1 Throwing
 + Level 7.7 Armour
 + Level 6.1 Dodging
 + Level 6.6 Stealth
 + Level 6.7 Shields
 + Level 6.1 Unarmed Combat
 + Level 8.0 Spellcasting
 + Level 5.1 Conjurations
 + Level 5.1 Hexes
 + Level 5.1 Charms
 + Level 5.1 Summonings
 + Level 5.1 Necromancy
 + Level 5.1 Translocations
 + Level 5.1 Transmutations
 + Level 5.5 Fire Magic
 + Level 5.1 Ice Magic
 + Level 5.1 Air Magic
 + Level 5.1 Earth Magic
 + Level 5.1 Poison Magic
 + Level 6.7 Invocations
 + Level 6.1 Evocations


You had 19 spell levels left.
You knew the following spells:

 Your Spells              Type           Power        Failure   Level  Hunger
a - Stone Arrow           Conj/Erth      ###...       4%          3    #......
d - Petrify               Tmut/Erth      ###.....     14%         4    ###....

Your spell library contained the following spells:

 Spells                   Type           Power        Failure   Level  Hunger
 Sandblast                Erth           ###...       1%          1    None
 Passwall                 Tmut/Erth      ###.....     2%          2    None
 Lee's Rapid Deconstruct  Erth           ###.......   38%         5    #####..


Dungeon Overview and Level Annotations

Branches:
Dungeon (10/15)            Temple (1/1) D:4            Lair (0/6) D:9
    Orc (0/2) D:10

Altars:
Ashenzari
Cheibriados
Dithmenos
Elyvilon
Fedhas
Gozag
Hepliaklqana
Kikubaaqudgha
Makhleb
Nemelex Xobeh
Okawaru
Qazlal
Ru
Sif Muna
Trog
Uskayaw
Vehumet
Wu Jian
Xom
Yredelemnul
Zin
The Shining One

Shops:
D:6 ?


Innate Abilities, Weirdness & Mutations

Your experience applies equally to all skills.
You have very sharp teeth.
Your uncanny sense of smell can sniff out nearby items.


Message History

The bolt hits the orc warrior.
The orc warrior is severely wounded.
The centaur zaps a wand.
You suddenly lose the ability to move!
The orc warrior hits you from afar with a +2 glaive of chopping!!
The centaur zaps a wand.
You easily resist.
The orc warrior hits you from afar with a +2 glaive of chopping!
* * * LOW HITPOINT WARNING * * *
x2 The centaur unwields a +0 mace of holy wrath.
It stops glowing.
The centaur wields a +0 longbow.
The centaur shoots an arrow.
The arrow hits you.
* * * LOW HITPOINT WARNING * * *
The orc warrior barely misses you.
The centaur zaps a wand.
You easily resist.
The centaur zaps a wand.
You easily resist.
The orc warrior hits you from afar with a +2 glaive of chopping.
* * * LOW HITPOINT WARNING * * *
x2 The centaur shoots an arrow.
The arrow hits you!
* * * LOW HITPOINT WARNING * * *
The orc warrior hits you from afar with a +2 glaive of chopping!
You die...

######### (.........#
#..................#
#(.......(.........#
#>........(........#
#...........(......#
#.......(<)...o....#
#..................##############
#...............@................
#......<.....?...................
#.......[........................
#...?.........................÷..
#..............c.................
#................................
#.......(..............÷.........
#..................>.............
#############.............####...


You could see an orc warrior and a centaur.

Vanquished Creatures
  Harold (D:7)
  An unseen horror (D:10)
  An ugly thing (D:9)
  Maurice (D:8)
  An efreet (D:10)
  Grinder (D:6)
  A troll (D:9)
  4 hippogriffs
  A wyvern (D:9)
  6 yaks
  A basilisk (D:9)
  A water moccasin (D:9)
  5 orc warriors
  A phantom (D:6)
  2 ice beasts
  An eye of draining (D:10)
  2 ogres
  3 centaurs
  A crocodile (D:9)
  2 big kobolds
  6 bullfrogs
  A water moccasin zombie (D:5)
  7 scorpions
  5 killer bees (D:8)
  An electric eel (D:8)
  A wight (D:10)
  A lava snake (D:8)
  10 howler monkeys
  7 crimson imps
  A quasit (D:10)
  A centaur zombie (D:10)
  4 hounds
  4 jellies
  A centaur skeleton (D:5)
  2 orc priests
  5 orc wizards
  3 bullfrog skeletons
  8 worker ants
  Natasha (thrice) (D:3)
  3 iguanas
  A hound zombie (D:8)
  A hound skeleton (D:4)
  7 gnolls
  13 adders
  2 shadow imps
  2 oozes (D:2)
  2 worms (D:2)
  6 leopard geckos
  30 orcs
  9 giant cockroaches
  8 goblins
  5 hobgoblins
  8 jackals
  6 quokkas
  4 bats
  4 frilled lizards
  A jackal skeleton (D:4)
  16 kobolds
  A leopard gecko skeleton (D:4)
  3 quokka zombies
  5 rats
245 creatures vanquished.

Notes
Turn   | Place    | Note
-------+----------+-------------------------------------------
     0 | D:1      | Napalmbreeze the Gnoll Wanderer began the quest for the
                  | Orb.
     0 | D:1      | Napalmbreeze set off with the following items: a +2 dagger,
                  | a potion of haste, a +0 hand crossbow, 28 bolts, a potion
                  | of curing, a +0 robe, a ration
     0 | D:1      | Reached XP level 1. HP: 17/17 MP: 6/6
   198 | D:1      | Reached XP level 2. HP: 21/23 MP: 7/7
   643 | D:2      | Reached skill level 5 in Spellcasting
   643 | D:2      | Reached XP level 3. HP: 28/28 MP: 7/9
   891 | D:2      | Reached skill level 1 in Invocations
  1305 | D:2      | Reached skill level 1 in Short Blades
  1305 | D:2      | Reached skill level 1 in Long Blades
  1305 | D:2      | Reached skill level 1 in Axes
  1305 | D:2      | Reached skill level 1 in Maces & Flails
  1305 | D:2      | Reached skill level 1 in Polearms
  1305 | D:2      | Reached skill level 1 in Staves
  1305 | D:2      | Reached skill level 1 in Slings
  1305 | D:2      | Reached skill level 1 in Bows
  1305 | D:2      | Reached skill level 1 in Throwing
  1305 | D:2      | Reached skill level 1 in Dodging
  1305 | D:2      | Reached skill level 1 in Unarmed Combat
  1305 | D:2      | Reached skill level 1 in Evocations
  1312 | D:2      | Reached XP level 4. HP: 34/34 MP: 11/11
  2081 | D:3      | Reached skill level 1 in Conjurations
  2081 | D:3      | Reached skill level 1 in Hexes
  2081 | D:3      | Reached skill level 1 in Charms
  2081 | D:3      | Reached skill level 1 in Summonings
  2081 | D:3      | Reached skill level 1 in Necromancy
  2081 | D:3      | Reached skill level 1 in Translocations
  2081 | D:3      | Reached skill level 1 in Transmutations
  2081 | D:3      | Reached skill level 1 in Ice Magic
  2081 | D:3      | Reached skill level 1 in Air Magic
  2081 | D:3      | Reached skill level 1 in Earth Magic
  2081 | D:3      | Reached skill level 1 in Poison Magic
  2284 | D:3      | Reached XP level 5. HP: 26/40 MP: 12/12
  2718 | D:3      | Noticed Natasha
  2901 | D:3      | Killed Natasha
  3466 | D:4      | Reached XP level 6. HP: 47/47 MP: 13/13
  3485 | D:3      | Noticed Natasha
  3498 | D:3      | Killed Natasha
  3604 | D:3      | Noticed Natasha
  3623 | D:3      | Killed Natasha
  3852 | D:4      | Reached skill level 5 in Crossbows
  3852 | D:4      | Reached skill level 5 in Armour
  4028 | D:4      | Found a staircase to the Ecumenical Temple.
  4040 | Temple   | Entered the Ecumenical Temple
  4275 | Temple   | Became a worshipper of Warmaster Okawaru
  4320 | D:4      | Reached XP level 7. HP: 52/52 MP: 15/15
  4902 | D:5      | Entered Level 5 of the Dungeon
  5311 | D:5      | Found a stormy altar of Qazlal.
  5898 | D:5      | Reached * piety under Okawaru
  6075 | D:5      | Reached XP level 8. HP: 60/60 MP: 16/16
  6280 | D:6      | Noticed Grinder
  6299 | D:6      | Paralysed by Grinder for 2 turns
  6315 | D:6      | Killed Grinder
  6315 | D:6      | Reached skill level 6 in Spellcasting
  6581 | D:6      | Reached ** piety under Okawaru
  6721 | D:6      | Reached XP level 9. HP: 62/66 MP: 18/18
  7001 | D:6      | Found Edghet's Magic Scroll Shoppe.
  7007 | D:6      | Bought a scroll of identify for 26 gold pieces
  7007 | D:6      | Bought a scroll of identify for 26 gold pieces
  7007 | D:6      | Bought a scroll of identify for 26 gold pieces
  7007 | D:6      | Bought a scroll of magic mapping for 45 gold pieces
  7007 | D:6      | Bought a scroll of immolation for 45 gold pieces
  7335 | D:7      | Noticed Harold
  7990 | D:7      | Killed Harold
  7990 | D:7      | Reached *** piety under Okawaru
  7990 | D:7      | Reached skill level 5 in Fighting
  7990 | D:7      | Reached skill level 5 in Stealth
  7990 | D:7      | Reached skill level 5 in Shields
  8311 | D:8      | Reached skill level 5 in Invocations
  8368 | D:8      | Found a shimmering altar of Xom.
  8371 | D:8      | Found a shimmering altar of Xom.
  8371 | D:8      | Found a shimmering altar of Xom.
  8597 | D:8      | Found a shimmering altar of Xom.
  8597 | D:8      | Found a shimmering altar of Xom.
  8597 | D:8      | Found a shimmering altar of Xom.
  8597 | D:8      | Found a shimmering altar of Xom.
  8721 | D:8      | Reached XP level 10. HP: 67/74 MP: 20/20
  8817 | D:8      | Reached skill level 7 in Spellcasting
  9616 | D:8      | Noticed Maurice
  9630 | D:8      | Paralysed by Maurice for 3 turns
  9642 | D:8      | Killed Maurice
  9642 | D:8      | Reached **** piety under Okawaru
  9642 | D:8      | Reached skill level 5 in Short Blades
  9642 | D:8      | Reached skill level 5 in Long Blades
  9642 | D:8      | Reached skill level 5 in Axes
  9642 | D:8      | Reached skill level 5 in Maces & Flails
  9642 | D:8      | Reached skill level 5 in Polearms
  9642 | D:8      | Reached skill level 5 in Staves
  9642 | D:8      | Reached skill level 5 in Slings
  9642 | D:8      | Reached skill level 5 in Bows
  9642 | D:8      | Reached skill level 5 in Throwing
  9642 | D:8      | Reached skill level 5 in Dodging
  9642 | D:8      | Reached skill level 5 in Unarmed Combat
  9642 | D:8      | Reached skill level 5 in Evocations
 11202 | D:8      | Reached skill level 5 in Fire Magic
 11823 | D:9      | Found a staircase to the Lair.
 11834 | D:9      | Reached ***** piety under Okawaru
 12030 | D:9      | Reached XP level 11. HP: 76/82 MP: 22/22
 12259 | D:9      | Learned a level 3 spell: Stone Arrow
 12265 | D:9      | Learned a level 4 spell: Petrify
 12647 | D:9      | Noticed a white ugly thing
 12728 | D:9      | Got a translucent halberd
 12729 | D:9      | Identified the cursed +2 halberd of Purpose {holy, Str+3}
                  | (You found it on level 9 of the Dungeon)
 12969 | D:9      | HP: 3/83 [white ugly thing (24)]
 12972 | D:9      | Killed a white ugly thing
 13337 | D:10     | Entered Level 10 of the Dungeon
 13514 | D:10     | Got a smoking amber ring
 13516 | D:10     | Identified the ring of Jytirui {rElec Str+3 Dex+8 SInv}
                  | (You found it on level 10 of the Dungeon)
 13668 | D:10     | Reached skill level 5 in Conjurations
 13668 | D:10     | Reached skill level 5 in Hexes
 13668 | D:10     | Reached skill level 5 in Charms
 13668 | D:10     | Reached skill level 5 in Summonings
 13668 | D:10     | Reached skill level 5 in Necromancy
 13668 | D:10     | Reached skill level 5 in Translocations
 13668 | D:10     | Reached skill level 5 in Transmutations
 13668 | D:10     | Reached skill level 5 in Ice Magic
 13668 | D:10     | Reached skill level 5 in Air Magic
 13668 | D:10     | Reached skill level 5 in Earth Magic
 13668 | D:10     | Reached skill level 5 in Poison Magic
 13691 | D:10     | Received a gift from Okawaru
 13982 | D:10     | Found a staircase to the Orcish Mines.
 13986 | D:10     | Noticed an unseen horror
 13996 | D:10     | Reached skill level 8 in Spellcasting
 14003 | D:10     | Killed an unseen horror
 14033 | D:10     | Paralysed by a centaur for 7 turns
 14038 | D:10     | HP: 1/83 [centaur/arrow (7)]
 14038 | D:10     | Demolished by an orc warrior

Levels and vault maps discovered:
D:1:      matt_arrival_spirals, layout_rooms
D:2:      layout_loops_ring
D:3:      layout_basic, uniq_natasha
D:4:      layout_loops_cross, minmay_temple_entry_proselytizer, first_ration,
          minmay_tree_intersection, kennysheep_potato
D:5:      minmay_bubble_buster, layout_loops_ring,
          nicolae_qazlal_general_emergency
D:6:      layout_rooms, serial_shops,
          nicolae_shop_temple_entry_statues_fountains, uniq_grinder
D:7:      layout_gridville, uniq_harold
D:8:      layout_layer_cave, xom_redecorated, nicolae_lava_and_water,
          uniq_maurice
D:9:      layout_cross, david_lair_generic, grunt_pizzeria
D:10:     minmay_the_grid_net [minmay_the_grid_square_x,
          minmay_the_grid_large_cup, minmay_the_grid_dragon_a,
          minmay_the_grid_diamond_grid, minmay_the_grid_minigrid_medium,
          minmay_the_grid_prize_inner_circle], layout_long_grid, david_orc_3,
          worms_lemuel, uniq_fannar
Temple:   roderic_octagonal_lattice_temple

Skill      XL: |  1  2  3  4  5  6  7  8  9 10 11 |
---------------+----------------------------------+-----
Fire Magic     | 2 3 4 5 |  5.5
Spellcasting   | 5 6 7 8 |  8.0
Invocations    | 1 2 3 4 5 6 |  6.7
Short Blades   | 1 2 3 4 5 6 |  6.1
Long Blades    | 1 2 3 4 5 6 |  6.1
Axes           | 1 2 3 4 5 6 |  6.1
Maces & Flails | 1 2 3 4 5 6 |  6.1
Polearms       | 1 2 3 4 5 6 |  6.1
Staves         | 1 2 3 4 5 6 |  6.1
Slings         | 1 2 3 4 5 6 |  6.1
Bows           | 1 2 3 4 5 6 |  6.1
Throwing       | 1 2 3 4 5 6 |  6.1
Dodging        | 1 2 3 4 5 6 |  6.1
Unarmed Combat | 1 2 3 4 5 6 |  6.1
Evocations     | 1 2 3 4 5 6 |  6.1
Conjurations   | 1 2 3 4 5 |  5.1
Hexes          | 1 2 3 4 5 |  5.1
Charms         | 1 2 3 4 5 |  5.1
Summonings     | 1 2 3 4 5 |  5.1
Necromancy     | 1 2 3 4 5 |  5.1
Translocations | 1 2 3 4 5 |  5.1
Transmutations | 1 2 3 4 5 |  5.1
Ice Magic      | 1 2 3 4 5 |  5.1
Air Magic      | 1 2 3 4 5 |  5.1
Earth Magic    | 1 2 3 4 5 |  5.1
Poison Magic   | 1 2 3 4 5 |  5.1
Fighting       | 3 4 5 6 |  6.7
Shields        | 3 4 5 6 |  6.7
Stealth        | 3 4 5 6 |  6.6
Crossbows      | 5 6 7 |  7.7
Armour         | 5 6 7 |  7.7

Action                   |  1- 3 |  4- 6 |  7- 9 | 10-12 || total
-------------------------+-------+-------+-------+-------++-------
Melee: Dagger            |    51 |    62 |       |       ||   113
       Bite              |     6 |     4 |    14 |    31 ||    55
       Falchion          |       |    19 |   101 |   208 ||   328
       Punch             |       |     1 |     2 |    11 ||    14
       Scimitar          |       |       |       |     2 ||     2
 Fire: Hand crossbow     |    49 |    93 |   188 |   191 ||   521
Throw: Dart              |       |     1 |       |       ||     1
 Cast: Stone Arrow       |       |       |       |    31 ||    31
       Petrify           |       |       |       |     6 ||     6
Invok: Heroism           |       |       |     2 |     2 ||     4
Evoke: Wand              |       |       |       |     3 ||     3
  Use: Scroll            |       |     4 |     7 |     3 ||    14
 Stab: Sleeping          |       |     1 |     4 |     1 ||     6
       Distracted        |       |       |     2 |       ||     2
       Paralysed         |       |       |       |     2 ||     2
       Petrified         |       |       |       |    20 ||    20
       Petrifying        |       |       |       |     3 ||     3
  Eat: Chunk             |     1 |     6 |    13 |     9 ||    29
       Ration            |       |     1 |       |     3 ||     4
Armor: Robe              |     9 |    10 |     8 |       ||    27
       Leather armour    |       |       |    12 |    62 ||    74
Dodge: Dodged            |    38 |    60 |    88 |   233 ||   419
       Rpst.: Falchion   |       |     3 |    18 |    43 ||    64

Table legend:
 A = Non-vault XP
 B = Vault XP
 C = Vault XP percentage of total XP
 D = Non-vault monster count
 E = Vault monster count
 F = Vault count percentage of total count
                 A         B        C        D         E       F
            +---------+---------+-------+---------+---------+-------
      Total |    8108 |    4766 |  37.0 |     212 |      33 |  13.5
            +---------+---------+-------+---------+---------+-------
        D:1 |      20 |       0 |   0.0 |      13 |       0 |   0.0
        D:2 |      80 |       0 |   0.0 |      21 |       0 |   0.0
        D:3 |     205 |      35 |  14.6 |      24 |       1 |   4.0
        D:4 |     341 |      76 |  18.2 |      17 |       3 |  15.0
        D:5 |     319 |     323 |  50.3 |      16 |       7 |  30.4
        D:6 |     944 |     277 |  22.7 |      21 |       1 |   4.5
        D:7 |     502 |    1013 |  66.9 |      12 |       1 |   7.7
        D:8 |    3505 |     433 |  11.0 |      43 |       1 |   2.3
        D:9 |    2045 |     897 |  30.5 |      35 |       5 |  12.5
       D:10 |     147 |    1712 |  92.1 |      10 |      14 |  58.3
            +---------+---------+-------+---------+---------+-------
